 Dungeon Crawl Stone Soup version 0.29-a0-356-g7bc237e783 (webtiles) character file.

Game seed: 12173779549226093847

96 spaghetti the Slicer (level 4, -3/32 HPs)
             Began as a Gnoll Wanderer on Apr 25, 2022.
             Slain by a gnoll sergeant
             ... wielding a +0 spear
              (5 damage)
             ... on level 3 of the Dungeon.
             The game lasted 00:05:31 (2036 turns).

spaghetti the Slicer (Gnoll Wanderer)               Turns: 2036, Time: 00:05:31

Health: -3/32      AC:  4    Str: 10    XL:     4   Next: 67%
Magic:  11/11      EV: 12    Int: 13    God:
Gold:   80         SH:  5    Dex: 13    Spells: 12/13 levels left

rFire   . . .      SeeInvis .   a - +0 rapier {short}
rCold   . . .      Faith    .   (no shield)
rNeg    . . .      Spirit   .   d - +0 robe
rPois   .          Reflect  +   y - +0 helmet
rElec   .          Harm     .   (no cloak)
rCorr   .          Rampage  .   m - +0 pair of gloves
Will    .....                   (no boots)
Stlth   ++........              v - amulet of reflection
HPRegen 0.10/turn               (no ring)
MPRegen 0.12/turn               (no ring)

@: hasted, very quick
A: fangs 1, strong nose, distributed training
a: no special abilities


You were on level 3 of the Dungeon.
You visited 1 branch of the dungeon, and saw 3 of its levels.

You collected 80 gold pieces.


Innate Abilities, Weirdness & Mutations

You have very sharp teeth.
Your uncanny sense of smell can sniff out nearby items.
Your experience applies equally to all skills.


   Skills:
 + Level 1.2 Fighting
 + Level 10.5 Short Blades
 + Level 1.2 Long Blades
 + Level 1.2 Axes
 + Level 1.2 Maces & Flails
 + Level 1.2 Polearms
 + Level 1.2 Staves
 + Level 1.2 Slings
 + Level 1.2 Bows
 + Level 1.2 Crossbows
 + Level 1.2 Throwing
 + Level 1.2 Armour
 + Level 2.8 Dodging
 + Level 1.2 Stealth
 + Level 1.2 Shields
 + Level 1.2 Unarmed Combat
 + Level 5.1 Spellcasting
 + Level 1.0 Conjurations
 + Level 1.0 Hexes
 + Level 1.0 Summonings
 + Level 1.0 Necromancy
 + Level 1.0 Translocations
 + Level 3.9 Transmutations
 + Level 1.0 Fire Magic
 + Level 1.0 Ice Magic
 + Level 1.0 Air Magic
 + Level 1.0 Earth Magic
 + Level 1.0 Poison Magic
 + Level 1.3 Invocations
 + Level 1.2 Evocations


You had 12 spell levels left.
You knew the following spells:

 Your Spells              Type           Power      Damage    Failure   Level
a - Beastly Appendage     Tmut           26%        N/A       3%          1

Your spell library contained the following spells:

 Spells                   Type           Power      Damage    Failure   Level
 Magic Dart               Conj           20%        1d4       12%         1
 Searing Ray              Conj           10%        2d4       19%         2
 Spider Form              Tmut/Pois      9%         N/A       21%         3
 Fulminant Prism          Conj/Hex       2%         3d6       77%         4

Inventory:

Hand Weapons
 a - a +0 rapier (weapon) {short}
 e - a +1 dagger of holy wrath {short}
   (You took it off a goblin on level 1 of the Dungeon)
 u - a +0 hand axe of freezing {axe}
   (You found it on level 3 of the Dungeon)
Missiles
 g - 107 stones {throwing}
Armour
 d - a +0 robe (worn)
 m - a +0 pair of gloves (worn)
   (You found it on level 2 of the Dungeon)
 y - a +0 helmet (worn)
   (You found it on level 3 of the Dungeon)
Magical Staves
 o - a staff of fire {!astaff}
   (You found it on level 2 of the Dungeon)
Jewellery
 v - an amulet of reflection (around neck)
   (You found it on level 3 of the Dungeon)
 x - an amulet of magic regeneration {@e2}
   (You found it on level 3 of the Dungeon)
Scrolls
 b - a scroll of enchant armour {unknown}
 f - a scroll of teleportation {@r4}
 h - a scroll of silence {unknown}
 i - 2 scrolls of blinking {!r}
 l - a scroll of fog
 n - 3 scrolls of immolation {!r!r}
 p - a scroll of summoning {unknown}
 r - a scroll of enchant weapon {unknown}
 t - a scroll of vulnerability {unknown}
 w - a scroll of amnesia {unknown}
Potions
 c - 3 potions of heal wounds {@q2}
 j - a potion of magic
 k - a potion of haste {@q3}
 q - 2 potions of mutation {unknown}
 s - a potion of degeneration {unknown}

Dungeon Overview and Level Annotations

Branches:
Dungeon (3/15)

Altars:
## #. gg#

.. #. #.# #. #.
).##. #. .... #.###
#.g#####...# #.
#........#$#
#.?###)#.##g..####..
#...<.....##@.......
##......g.g...####.#
######...###)# ##.##
#.# #.# #...# ##.##
###.# ##...## .#
##.#.#.## #
#.##.##.###.#


You could see a gnoll sergeant and 2 gnolls.


Message History

You closely miss Ijyb.
Ijyb hits you with a +0 dagger. 😕 HP[-2]
You take 2 damage, and now have 30/32 hp.
You hit Ijyb. You claw Ijyb. 😕 HP[+1]
You hit Ijyb but do no damage. You claw Ijyb. Ijyb hits you but does no damage.
You hit Ijyb. You headbutt Ijyb.
Ijyb hits you with a +0 dagger. 😕 HP[-1]
You take 1 damage, and now have 30/32 hp.
You hit Ijyb. You headbutt Ijyb, but do no damage. You hit Ijyb.
You claw Ijyb, but do no damage. Your bite misses Ijyb.
You block Ijyb's attack.
You barely miss Ijyb. You claw Ijyb.
You kill Ijyb!
You closely miss the hobgoblin. You claw the hobgoblin.
Your headbutt misses the hobgoblin. You hit the hobgoblin.
You kill the hobgoblin!
You hit the gnoll. Your kick misses the gnoll. Your headbutt misses the gnoll.
The gnoll hits you with a +3 whip of distortion.
You blink.
A gnoll sergeant comes into view. It is wielding a +0 spear. 😕 HP[-5]
You take 5 damage, and now have 25/32 hp.
Unknown command.
The gnoll sergeant shouts! 😕 MP[+1]
Your mp is fully restored (11).
Your transformation is almost over. 😕 HP[+1] It was a potion of magic.
Magic courses through your body.
You aren't carrying any items that you can evoke.
Okay, then.
It was a potion of haste.
You feel yourself speed up.
You closely miss the gnoll. You claw the gnoll. You headbutt the gnoll.
You puncture the gnoll!
You kill the gnoll!
Your Conjurations skill increases to level 1!
Your Hexes skill increases to level 1!
Your Summonings skill increases to level 1!
Your Necromancy skill increases to level 1!
Your Translocations skill increases to level 1!
Your Fire Magic skill increases to level 1!
Your Ice Magic skill increases to level 1!
Your Air Magic skill increases to level 1!
Your Earth Magic skill increases to level 1!
Your Poison Magic skill increases to level 1!
A gnoll comes into view. It is wielding a +0 spear.
Things that are here:
a +3 whip of distortion {!wmace}; a gnoll corpse The gnoll shouts!
You hear a shout!
The gnoll sergeant closely misses you.
The gnoll sergeant hits you with a +0 spear! 😮 HP[-8]
You take 8 damage, and now have 18/32 hp.
MASSIVE DAMAGE!! (PAUSE)
You hit the gnoll sergeant. Your kick misses the gnoll sergeant.
Your headbutt misses the gnoll sergeant.
You hit the gnoll sergeant but do no damage.
You claw the gnoll sergeant.
Your headbutt misses the gnoll sergeant.
The gnoll sergeant barely misses you.
You closely miss the gnoll sergeant. You hit the gnoll sergeant.
You headbutt the gnoll sergeant, but do no damage.
The gnoll sergeant closely misses you. The gnoll hits you but does no damage.
You hit the gnoll sergeant but do no damage.
You claw the gnoll sergeant, but do no damage.
You headbutt the gnoll sergeant, but do no damage.
Your horns disappear.
Your talons disappear.
Your +0 helmet unmelds from your body.
You closely miss the gnoll sergeant.
You bite the gnoll sergeant, but do no damage.
The gnoll barely misses you.
The gnoll sergeant completely misses you.
You hit the gnoll sergeant. You hit the gnoll sergeant.
Your bite misses the gnoll sergeant. You hit the gnoll sergeant.
The gnoll sergeant barely misses you. You block the gnoll's attack.
You hit the gnoll sergeant but do no damage. 😮 HP[+1]
You hit the gnoll sergeant but do no damage.
The gnoll sergeant hits you with a +0 spear!
* * * LOW HITPOINT WARNING * * *
You block the gnoll's attack. 😱 HP[-13]
You take 13 damage, and now have 6/32 hp.
MASSIVE DAMAGE!! (PAUSE)
You hit the gnoll sergeant but do no damage.
You hit the gnoll sergeant but do no damage.
You block the gnoll's attack.
The gnoll sergeant hits you with a +0 spear.
* * * LOW HITPOINT WARNING * * *
😱 HP[-4]
You take 4 damage, and now have 2/32 hp.
You hit the gnoll sergeant but do no damage.
You barely miss the gnoll sergeant.
A gnoll comes into view. It is wielding a +0 trident.
The gnoll sergeant hits you with a +0 spear.
You die...

Skill      XL: |  1  2  3  4 |
---------------+-------------+-----
Short Blades   | | 10.5
Spellcasting   | 5 |  5.1
Invocations    | 1 |  1.3
Fighting       | 1 |  1.2
Long Blades    | 1 |  1.2
Axes           | 1 |  1.2
Maces & Flails | 1 |  1.2
Polearms       | 1 |  1.2
Staves         | 1 |  1.2
Slings         | 1 |  1.2
Bows           | 1 |  1.2
Crossbows      | 1 |  1.2
Throwing       | 1 |  1.2
Armour         | 1 |  1.2
Stealth        | 1 |  1.2
Shields        | 1 |  1.2
Unarmed Combat | 1 |  1.2
Evocations     | 1 |  1.2
Conjurations   | 1 |  1.0
Hexes          | 1 |  1.0
Summonings     | 1 |  1.0
Necromancy     | 1 |  1.0
Translocations | 1 |  1.0
Fire Magic     | 1 |  1.0
Ice Magic      | 1 |  1.0
Air Magic      | 1 |  1.0
Earth Magic    | 1 |  1.0
Poison Magic   | 1 |  1.0
Dodging        | |  2.8
Transmutations | |  3.9

Action                   |  1- 3 |  4- 6 || total
-------------------------+-------+-------++-------
Melee: Rapier            |    77 |    32 ||   109
       Headbutt          |     5 |     5 ||    10
       Punch             |     2 |       ||     2
       Kick              |     8 |     8 ||    16
       Bite              |       |     1 ||     1
 Cast: Beastly Appendage |    24 |     1 ||    25
  Use: Scroll            |     4 |       ||     4
       Potion            |     1 |     2 ||     3
 Stab: Sleeping          |     3 |       ||     3
       Distracted        |     1 |       ||     1
Armor: Robe              |     9 |     3 ||    12
Dodge: Dodged            |    33 |     9 ||    42
Block: Other             |       |     4 ||     4

Levels and vault maps discovered:
D:1:      amcnicky_arrival_flooded_fountain, layout_loops_ring,
          minmay_misc_feat_hallway, chequers_avenue
D:2:      layout_rooms, dreamdust_ecumenical_altar_statues,
          chequers_serial_rivers_micro_c
D:3:      layout_loops_ring, serial_glass, glass_columns_a, glass_columns_a,
          guppyfry_early_orc_mine, uniq_crazy_yiuf_cottage, uniq_ijyb

Notes
Turn   | Place    | Note
-------+----------+-------------------------------------------
     0 | D:1      | Reached skill level 10 in Short Blades
     0 | D:1      | spaghetti the Gnoll Wanderer began the quest for the Orb.
     0 | D:1      | spaghetti set off with the following items: a +0 rapier
                  | {short}, a +0 pair of gloves, a potion of heal wounds
                  | {@q2}, a +0 robe; and the following spell memorised:
                  | Beastly Appendage; and the following spells available to
                  | memorise: Spider Form
     0 | D:1      | Reached XP level 1. HP: 13/13 MP: 6/6
     0 | D:1      | magus.rc [v1.9.6]
   184 | D:1      | Reached XP level 2. HP: 19/19 MP: 5/7
   323 | D:1      | You pick up a book of Conjurations {@e2} and begin
                  | reading...
   323 | D:1      | You add the spells Magic Dart, Searing Ray and Fulminant
                  | Prism to your library.
   970 | D:1      | Reached XP level 3. HP: 22/25 MP: 7/9
  1022 | D:1      | Reached skill level 5 in Spellcasting
  1121 | D:2      | Found a faded altar of an unknown god.
  1269 | D:2      | Reached skill level 1 in Invocations
  1675 | D:3      | Reached skill level 1 in Fighting
  1675 | D:3      | Reached skill level 1 in Long Blades
  1675 | D:3      | Reached skill level 1 in Axes
  1675 | D:3      | Reached skill level 1 in Maces & Flails
  1675 | D:3      | Reached skill level 1 in Polearms
  1675 | D:3      | Reached skill level 1 in Staves
  1675 | D:3      | Reached skill level 1 in Slings
  1675 | D:3      | Reached skill level 1 in Bows
  1675 | D:3      | Reached skill level 1 in Crossbows
  1675 | D:3      | Reached skill level 1 in Throwing
  1675 | D:3      | Reached skill level 1 in Armour
  1675 | D:3      | Reached skill level 1 in Stealth
  1675 | D:3      | Reached skill level 1 in Shields
  1675 | D:3      | Reached skill level 1 in Unarmed Combat
  1675 | D:3      | Reached skill level 1 in Evocations
  1715 | D:3      | Reached XP level 4. HP: 24/32 MP: 11/11
  1993 | D:3      | Noticed Ijyb
  2006 | D:3      | Killed Ijyb
  2009 | D:3      | Noticed a gnoll sergeant
  2019 | D:3      | Reached skill level 1 in Conjurations
  2019 | D:3      | Reached skill level 1 in Hexes
  2019 | D:3      | Reached skill level 1 in Summonings
  2019 | D:3      | Reached skill level 1 in Necromancy
  2019 | D:3      | Reached skill level 1 in Translocations
  2019 | D:3      | Reached skill level 1 in Fire Magic
  2019 | D:3      | Reached skill level 1 in Ice Magic
  2019 | D:3      | Reached skill level 1 in Air Magic
  2019 | D:3      | Reached skill level 1 in Earth Magic
  2019 | D:3      | Reached skill level 1 in Poison Magic
  2032 | D:3      | HP: 6/32 [gnoll sergeant/+0 spear (13)]
  2034 | D:3      | HP: 2/32 [gnoll sergeant/+0 spear (4)]
  2036 | D:3      | Slain by a gnoll sergeant

Vanquished Creatures
  Ijyb (D:3)
  A gnoll (D:3)
  2 dart slugs (D:1)
  3 orcs (D:3)
  8 endoplasms
  A giant cockroach (D:2)
  6 goblins
  9 hobgoblins
  4 jackals (D:2)
  2 quokkas (D:1)
  A ball python (D:1)
  A frilled lizard (D:2)
  5 kobolds
  3 rats
47 creatures vanquished.

Table legend:
 A = Non-vault XP
 B = Vault XP
 C = Vault XP percentage of total XP
 D = Non-vault monster count
 E = Vault monster count
 F = Vault count percentage of total count
                 A         B        C        D         E       F
            +---------+---------+-------+---------+---------+-------
      Total |      86 |      52 |  37.7 |      39 |       8 |  17.0
            +---------+---------+-------+---------+---------+-------
        D:1 |      38 |       0 |   0.0 |      19 |       0 |   0.0
        D:2 |      28 |       0 |   0.0 |      16 |       0 |   0.0
        D:3 |      20 |      52 |  72.2 |       4 |       8 |  66.7
            +---------+---------+-------+---------+---------+-------

Illustrated notes

Table legend:
 A = Kills in this place as a percentage of kills in entire the game.
 B = Kills by you in this place as a percentage of kills by you in the entire game.
 C = Kills by friends in this place as a percentage of kills by friends in the entire game.
 D = Other kills in this place as a percentage of other kills in the entire game.
 E = Experience gained in this place as a percentage of experience gained in the entire game.
 F = Experience gained in this place divided by the number of levels of this place that you have seen.
                   A       B       C       D       E      F
               +-------+-------+-------+-------+-------+----------------------
         Total | 100.0 | 100.0 |   N/A |   N/A | 100.0 |  46.0
       Dungeon | 100.0 | 100.0 |   N/A |   N/A | 100.0 |  46.0
               +-------+-------+-------+-------+-------+----------------------

Table legend: (Time is in decaauts)
 A = Elapsed time spent in this place.
 B = Non-inter-level travel time spent in this place.
 C = Inter-level travel time spent in this place.
 D = Time resting spent in this place.
 E = Time spent auto-exploring this place.
 F = Levels seen in this place.
 G = Mean time per level.
                   A        B        C        D        E       F      G
               +--------+--------+--------+--------+--------+-----+--------+
         Total |   2008 |   1953 |     55 |    213 |   1425 |   3 |  669.3 |
       Dungeon |   2008 |   1953 |     55 |    213 |   1425 |   3 |  669.3 |
               +--------+--------+--------+--------+--------+-----+--------+

Top non-repeatable levels by time:
     D:1: 1068 daAuts
     D:2: 550 daAuts
     D:3: 390 daAuts
